Map: Backwater LE

Players

CinDra - Winner!

  • Race: Zerg Zerg
  • League: Silver
  • Spawn Location: 11:00

ZeroCool

  • Race: Terran Terran
  • League: Gold
  • Spawn Location: 5:00

VOD

Have the link to the VOD?

Description

Time

  • Played on: Feb. 23, 2018, 5:59 p.m.
  • Length: 13:57
Show
View Real Time Build Order
Export as new Build Order

CinDra Zerg - Winner!

Build Orders: Hatch First, Muta Ling Bane 

Get SALT Encoding   

  12  0:01  Drone  
  13  0:12  Overlord  
  13  0:20  Drone  
  14  0:30  Drone  
  14  0:31  Drone  
  14  0:35  Drone  
  17  0:54  Hatchery  
  16  1:00  Drone x2  
  18  1:06  Drone  
  18  1:11  Extractor  
  18  1:20  Spawning Pool  
  18  1:22  Drone  
  18  1:29  Drone  
  19  1:38  Drone  
  20  1:49  Drone  
  21  1:59  Overlord  
  21  2:06  Queen  
  21  2:07  Queen  
  21  2:08  Drone  
  26  2:11  Zergling x2  
  27  2:17  Zergling x2  
  27  2:22  Zergling x2  
  29  2:24  Metabolic Boost  
  29  2:28  Drone  
  30  2:34  Drone  
  31  2:59  Baneling Nest  
  31  3:02  Drone x4  
  31  3:03  Drone  
  31  3:05  Extractor  
  34  3:11  Lair  
  35  3:12  Drone  
  35  3:24  Drone  
  36  3:27  Overlord  
  36  3:36  Hatchery  
  35  3:45  Drone x2  
  35  3:46  Drone x6  
  43  3:51  Overlord  
  43  4:01  Overlord  
  43  4:08  Centrifical Hooks  
  43  4:09  Queen  
  42  4:34  Spire  
  41  4:42  Extractor  
  41  4:43  Extractor  
  39  4:47  Zergling x18  
  39  4:48  Zergling x8  
  52  5:12  Drone x11  
  63  5:22  Drone  
  63  5:23  Drone  
  65  5:30  Baneling x7  
  65  5:31  Baneling x4  
  65  5:32  Overseer  
  65  5:39  Overseer  
  65  5:44  Drone  
  65  5:45  Overlord x4  
  65  5:46  Overlord  
  66  5:50  Extractor  
  66  5:51  Drone, Extractor  
  66  5:52  Drone  
  66  6:08  Drone  
  66  6:09  Drone x4  
  66  6:10  Drone x3  
  66  6:11  Overlord  
  74  6:12  Mutalisk x2  
  74  6:17  Pneumatized Carapace  
  78  6:39  Mutalisk x2  
  74  7:04  Mutalisk  
  74  7:05  Mutalisk x2  
  80  7:14  Drone x12  
  80  7:15  Drone x3  
  95  7:21  Zerg Flyer Weapons Level 1  
  95  7:45  Mutalisk  
  95  7:46  Mutalisk x4  
  95  7:48  Zergling x2  
  106  7:51  Overlord  
  106  7:52  Overlord x7  
  99  8:08  Overlord  
  99  8:09  Overlord x2  
  99  8:12  Mutalisk x4  
  107  8:20  Queen  
  107  8:24  Mutalisk  
  107  8:25  Mutalisk  
  113  9:04  Mutalisk  
  113  9:05  Mutalisk x5  
  113  9:09  Zergling x6  
  131  9:10  Zergling x12  
  131  9:14  Queen  
  136  9:17  Hatchery  
  118  10:23  Mutalisk  
  118  10:24  Mutalisk x11  
  135  10:42  Mutalisk  
  131  10:43  Mutalisk x2  
  137  10:51  Zerg Flyer Armor Level 1  
  137  11:08  Hatchery  
  136  11:34  Mutalisk x7  
  136  11:36  Zergling x20  
  136  11:37  Zergling x8  
  162  11:56  Mutalisk x3  
  168  12:21  Queen  
  170  12:25  Extractor  
  170  12:29  Mutalisk  
  169  12:30  Mutalisk x5  
  169  12:32  Extractor  
  142  13:23  Mutalisk x7  
Show
View Real Time Build Order
Export as new Build Order

ZeroCool Terran 

Build Orders:  

Get SALT Encoding   

  12  0:01  SCV  
  13  0:13  Supply Depot  
  13  0:21  Refinery  
  13  0:36  Barracks  
  13  0:38  SCV  
  14  0:50  SCV  
  15  1:03  SCV  
  16  1:15  SCV  
  17  1:25  Factory  
  17  1:27  Orbital Command  
  17  1:35  Supply Depot  
  17  1:39  Refinery  
  17  1:50  Barracks Tech Lab  
  17  1:53  SCV  
  18  2:04  Supply Depot  
  18  2:05  SCV  
  19  2:17  SCV  
  20  2:22  Barracks Reactor  
  20  2:35  SCV  
  21  2:38  Siege Tank  
  24  2:47  SCV  
  25  2:53  Bunker  
  25  3:00  SCV  
  26  3:06  Command Center  
  26  3:12  Marine x2  
  28  3:41  Marine  
  28  3:42  Marine  
  30  3:51  Starport  
  30  3:54  Barracks  
  30  3:56  Siege Tank, Barracks  
  30  3:59  Marine  
  30  4:02  SCV  
  35  4:14  SCV, Supply Depot  
  36  4:26  SCV  
  36  4:27  Marine x2  
  39  4:39  Starport Reactor  
  39  4:40  SCV  
  39  4:45  Marine x2  
  41  4:46  Barracks Tech Lab  
  41  4:47  Barracks Reactor  
  43  4:52  SCV  
  43  4:56  Siege Tank  
  46  5:03  Marine x2  
  46  5:05  SCV  
  49  5:16  Medivac x2  
  49  5:17  SCV  
  49  5:20  Marine  
  55  5:22  Marine x2  
  55  5:24  Combat Shields  
  57  5:29  SCV  
  57  5:30  Engineering Bay  
  57  5:32  Marine x2  
  60  5:38  Marine  
  60  5:41  SCV  
  62  5:52  Supply Depot  
  62  5:57  Supply Depot  
  62  5:58  Supply Depot  
  62  6:12  Terran Infantry Weapons Level 1  
  62  6:13  Marine x5  
  62  6:14  SCV  
  62  6:17  Supply Depot  
  68  6:19  Medivac x2  
  72  6:31  Marine x4  
  72  6:32  Orbital Command  
  62  7:02  Viking x2  
  66  7:23  SCV  
  67  7:32  Viking x2  
  67  7:35  SCV  
  72  7:47  SCV  
  72  8:00  SCV  
  60  8:14  Marine x5  
  60  8:16  Viking  
  60  8:17  Viking  
  60  8:18  SCV x2  
  71  8:30  SCV x2  
  71  8:31  Marine  
  71  8:32  Marine x4  
  71  8:33  Supply Depot  
  78  8:35  Terran Infantry Armor Level 1  
  78  8:37  Barracks  
  78  8:38  Supply Depot  
  78  8:40  Barracks  
  78  8:42  SCV  
  78  8:43  SCV  
  78  8:46  Viking  
  78  8:47  Viking  
  82  8:49  Marine  
  82  8:54  SCV  
  82  8:55  SCV  
  83  8:58  Missile Turret  
  83  9:00  Missile Turret x2  
  83  9:03  Missile Turret  
  83  9:07  SCV x2  
  83  9:09  Missile Turret  
  85  9:11  Marine  
  85  9:16  Viking x2, Marine  
  85  9:17  Marine  
  91  9:19  SCV  
  91  9:21  SCV  
  94  9:33  Engineering Bay  
  94  9:38  Armory  
  92  9:47  Viking  
  94  10:01  Viking  
  94  10:04  SCV x2  
  98  10:07  Refinery  
  98  10:09  Refinery  
  98  10:12  Missile Turret  
  98  10:16  SCV x2  
  98  10:27  Missile Turret  
  98  10:28  SCV x2  
  94  10:29  Hi-Sec Auto Tracking  
  94  10:30  Missile Turret  
  94  10:35  Siege Tank  
  94  10:40  SCV x2  
  95  10:47  Marine  
  95  10:48  Marine x4  
  100  10:50  Barracks Reactor x2  
  100  10:52  SCV  
  101  11:19  Marine  
  102  11:28  Supply Depot x2  
  102  11:31  Supply Depot  
  102  11:32  Marine x2  
  100  11:33  Marine x2  
  100  11:34  Viking  
  100  11:37  Marine  
  95  11:42  Missile Turret  
  95  11:46  SCV x2  
  97  11:50  Marine x3  
  97  11:51  Supply Depot, Marine  
  101  11:54  Supply Depot  
  101  12:08  Viking x2  
  105  12:10  SCV  
  105  12:11  SCV  
  107  12:23  SCV  
  108  12:30  Orbital Command  
  108  12:38  Siege Tank  
  97  13:00  Viking x2  
  97  13:05  Marine x3  
  95  13:06  Marine  
  95  13:11  Siege Tank  
  76  13:20  Marine  
  76  13:21  Marine x4  
  76  13:22  Marine  
Tags
 
Composition
Muta Ling Bane
Matchup
TvZ
Spawn Locations
Cross Positions
Add a new tag
Caveats
  • Supply blocks, unpowered buildings, or Contaminate may cause inaccurate times.
  • Supply counts are checked every 10 seconds.